Map: New Gettysburg LE

Players

llllllllllll - Winner!

  • Race: Protoss Protoss
  • League: Diamond

Ragnok

  • Race: Zerg Zerg
  • League: Diamond

VOD

Have the link to the VOD?

Description

Time

  • Played on: Oct. 16, 2016, 11:40 p.m.
  • Length: 13:12
Show
View Real Time Build Order
Export as new Build Order

llllllllllll Protoss - Winner!

Build Orders:  

Get SALT Encoding   

  12  0:02  Probe (Chrono Boost)  
  13  0:12  Probe (Chrono Boost)  
  14  0:24  Probe (Chrono Boost)  
  14  0:27  Pylon  
  15  0:45  Probe (Chrono Boost)  
  16  0:55  Probe (Chrono Boost)  
  17  1:06  Probe (Chrono Boost)  
  17  1:07  Nexus  
  18  1:21  Gateway  
  18  1:22  Assimilator  
  18  1:27  Assimilator  
  18  1:32  Probe (Chrono Boost)  
  19  1:43  Probe (Chrono Boost)  
  20  1:51  Pylon  
  20  1:52  Gateway  
  20  1:54  Probe (Chrono Boost)  
  21  2:05  Probe (Chrono Boost)  
  22  2:10  Cybernetics Core  
  22  2:16  Probe (Chrono Boost)  
  23  2:25  Pylon  
  23  2:26  Probe (Chrono Boost)  
  23  2:28  Probe (Chrono Boost)  
  25  2:37  Probe (Chrono Boost)  
  26  2:42  Probe (Chrono Boost)  
  27  2:47  Adept x2  
  31  2:53  Probe (Chrono Boost), Mothership Core (Chrono Boost)  
  34  3:02  Assimilator  
  34  3:04  Assimilator, Probe (Chrono Boost)  
  35  3:14  Adept x2  
  39  3:27  Probe x2 (Chrono Boost)  
  41  3:38  Probe (Chrono Boost)  
  41  3:39  Forge  
  40  3:47  Adept x2  
  44  3:54  Pylon  
  44  3:57  Probe x2 (Chrono Boost)  
  46  4:08  Probe x2 (Chrono Boost)  
  48  4:14  Adept  
  48  4:15  Adept  
  52  4:18  Probe x2 (Chrono Boost)  
  54  4:24  Photon Cannon  
  54  4:30  Photon Cannon  
  54  4:33  Probe (Chrono Boost)  
  54  4:35  Probe (Chrono Boost)  
  56  4:44  Probe (Chrono Boost)  
  56  4:45  Probe (Chrono Boost)  
  58  4:49  Stargate  
  58  4:52  Stargate  
  58  4:58  Stargate  
  58  5:03  Stargate  
  52  5:42  Oracle x3  
  53  5:48  Oracle  
  60  5:52  Photon Cannon  
  56  5:58  Photon Cannon  
  56  6:00  Pylon  
  56  6:10  Probe x2 (Chrono Boost)  
  58  6:16  Photon Cannon  
  58  6:18  Oracle x3  
  61  6:19  Photon Cannon  
  61  6:24  Oracle  
  70  6:32  Pylon  
  70  6:36  Pylon  
  70  6:42  Photon Cannon  
  70  6:53  Oracle  
  70  6:54  Oracle  
  73  6:56  Nexus  
  73  6:59  Oracle  
  79  7:07  Oracle  
  82  7:29  Oracle  
  85  7:54  Pylon  
  85  7:57  Photon Cannon x2  
  85  8:01  Pylon  
  85  8:07  Oracle x3  
  85  8:11  Photon Cannon  
  85  8:12  Photon Cannon  
  94  8:18  Photon Cannon  
  94  8:19  Probe (Chrono Boost), Pylon  
  95  8:30  Probe (Chrono Boost)  
  96  8:37  Assimilator  
  108  8:52  Phoenix x4  
  104  9:00  Pylon  
  104  9:01  Pylon  
  104  9:17  Phoenix x3  
  104  9:53  Phoenix x2  
  104  9:54  Phoenix x2  
  104  9:56  Probe (Chrono Boost)  
  104  9:59  Assimilator, Probe (Chrono Boost)  
  114  10:05  Pylon  
  114  10:06  Probe (Chrono Boost)  
  115  10:08  Pylon  
  115  10:09  Probe (Chrono Boost)  
  116  10:17  Probe (Chrono Boost)  
  116  10:18  Phoenix x3, Pylon  
  116  10:19  Phoenix  
  125  10:21  Pylon  
  125  10:36  Nexus  
  125  10:37  Pylon  
  125  10:43  Probe (Chrono Boost)  
  126  10:54  Probe (Chrono Boost), Void Ray x3  
  133  11:19  Void Ray  
  137  11:37  Void Ray x3  
  140  12:00  Probe (Chrono Boost)  
  141  12:02  Probe (Chrono Boost), Void Ray  
  141  12:04  Photon Cannon  
  141  12:07  Robotics Facility  
  146  12:09  Robotics Facility  
  146  12:11  Probe (Chrono Boost)  
  146  12:13  Probe (Chrono Boost)  
  148  12:22  Probe (Chrono Boost)  
  149  12:23  Probe (Chrono Boost)  
  149  12:29  Void Ray  
Show
View Real Time Build Order
Export as new Build Order

Ragnok Zerg 

Build Orders: Hatch First 

Get SALT Encoding   

  12  0:01  Drone  
  13  0:09  Drone  
  14  0:19  Overlord  
  14  0:25  Extractor  
  14  0:26  Drone  
  15  0:37  Drone x2  
  17  0:54  Hatchery  
  17  0:57  Drone  
  17  1:02  Drone  
  18  1:11  Extractor  
  18  1:16  Spawning Pool  
  16  1:19  Drone  
  16  1:23  Drone  
  18  1:27  Drone  
  19  1:39  Overlord  
  19  2:03  Queen, Zergling x4  
  19  2:06  Queen, Zergling x2  
  26  2:10  Metabolic Boost  
  26  2:14  Zergling x2  
  27  2:20  Zergling x2  
  28  2:23  Zergling x2  
  28  2:28  Zergling x2  
  30  2:32  Zergling x2  
  31  2:39  Drone  
  32  2:45  Drone  
  33  2:53  Drone x2  
  35  3:06  Hatchery  
  35  3:10  Drone x2  
  36  3:16  Spine Crawler  
  34  3:26  Drone x3  
  35  3:36  Overlord x2  
  33  3:46  Drone  
  33  3:47  Drone, Roach Warren  
  33  3:49  Drone  
  34  3:56  Queen  
  34  3:58  Drone  
  34  4:01  Drone  
  38  4:04  Zergling x2  
  38  4:06  Zergling x2  
  38  4:08  Zergling x2  
  41  4:12  Drone  
  41  4:15  Drone  
  43  4:20  Queen  
  43  4:24  Drone x2  
  47  4:31  Roach x2  
  51  4:33  Roach  
  51  4:35  Drone  
  54  4:43  Roach x2  
  58  4:45  Overlord  
  58  4:49  Overlord  
  58  5:09  Drone x11  
  57  5:39  Drone x2  
  57  5:53  Drone x2  
  57  5:54  Drone x7  
  66  5:59  Extractor  
  66  6:00  Extractor  
  64  6:10  Extractor  
  63  6:13  Lair  
  63  6:14  Drone x2  
  63  6:15  Drone x3  
  63  6:17  Roach x2  
  72  6:30  Hatchery  
  72  6:31  Drone x2  
  72  6:32  Drone  
  74  6:34  Hatchery  
  74  6:39  Evolution Chamber x2  
  71  6:42  Spine Crawler, Evolution Chamber  
  69  6:48  Spine Crawler  
  69  6:51  Extractor  
  69  6:52  Extractor  
  69  6:53  Spine Crawler  
  65  6:54  Spore Crawler  
  65  6:55  Drone x5  
  65  6:56  Drone  
  65  7:00  Drone  
  65  7:01  Drone x3  
  74  7:04  Overlord  
  74  7:08  Overlord  
  59  7:28  Spore Crawler  
  59  7:29  Spore Crawler  
  50  7:33  Spore Crawler x3  
  43  7:37  Spore Crawler  
  43  7:39  Spore Crawler  
  43  7:41  Spore Crawler  
  43  7:43  Drone x6  
  45  7:44  Spore Crawler x2  
  45  7:50  Drone  
  44  7:53  Spore Crawler  
  43  8:00  Drone  
  43  8:01  Drone  
  45  8:06  Drone  
  45  8:09  Drone  
  47  8:13  Drone  
  47  8:17  Drone  
  49  8:22  Hydralisk Den  
  49  8:25  Ravager  
  49  8:26  Ravager  
  50  8:34  Drone x2  
  52  8:35  Drone  
  52  8:38  Ravager x3  
  56  8:48  Infestation Pit  
  55  8:50  Drone x3  
  55  8:51  Drone x2  
  60  8:57  Drone x3  
  60  8:59  Drone  
  64  9:15  Queen  
  51  9:27  Hydralisk x2  
  51  9:28  Hydralisk  
  61  9:37  Spore Crawler  
  56  9:45  Hydralisk x2  
  54  9:46  Hydralisk x3  
  54  9:50  Spore Crawler  
  54  9:52  Drone  
  64  10:00  Drone  
  64  10:01  Drone  
  66  10:13  Queen  
  68  10:14  Queen  
  70  10:21  Muscular Augments  
  70  10:26  Hydralisk x2  
  74  10:34  Spore Crawler  
  73  10:35  Spore Crawler  
  73  10:37  Drone  
  73  10:38  Spore Crawler  
  73  10:39  Drone  
  73  10:50  Spore Crawler  
  73  10:51  Drone  
  73  10:55  Drone  
  74  11:02  Spore Crawler  
  71  11:12  Drone  
  71  11:13  Drone x5  
  77  11:24  Drone x2  
  79  11:46  Hatchery  
  77  11:54  Hatchery  
  76  12:04  Extractor  
  76  12:06  Spore Crawler  
  76  12:07  Spore Crawler  
  73  12:30  Extractor  
Tags
 
Add a new tag
Caveats
  • Supply blocks, unpowered buildings, or Contaminate may cause inaccurate times.
  • Supply counts are checked every 10 seconds.